Map: Ever Dream LE

Players

BlyOnFire (Bly)

  • Race: Zerg Zerg
  • League: Grandmaster
  • Spawn Location: 1:00

Serral - Winner!

  • Race: Zerg Zerg
  • League: Master
  • Spawn Location: 7:00

Event: StayAtHomestory Cup #1

VOD

Have the link to the VOD?

Description

Time

  • Played on: April 10, 2020, 10:21 a.m.
  • Length: 5:35

All games in this series

Show
View Real Time Build Order
Export as new Build Order

BlyOnFire Zerg 

Build Orders: Pool Only 

Get SALT Encoding   

  12  0:17  Spawning Pool  
  11  0:22  Drone  
  11  0:28  Drone  
  13  0:34  Drone  
  14  0:40  Overlord  
  14  1:04  Zergling x4  
  16  1:05  Zergling x2  
  17  1:17  Zergling x2  
  18  1:38  Spine Crawler  
  18  1:39  Spine Crawler  
  16  1:41  Spine Crawler  
  15  1:57  Spine Crawler  
  10  2:37  Spine Crawler  
  8  2:54  Spine Crawler  
  7  3:33  Spine Crawler  
  6  3:57  Zergling x4  
  8  4:12  Zergling x2  
  5  4:52  Zergling x2  
Show
View Real Time Build Order
Export as new Build Order

Serral Zerg - Winner!

Build Orders: Hatch First 

Get SALT Encoding   

  12  0:00  Drone  
  13  0:12  Overlord  
  13  0:16  Drone  
  14  0:31  Drone x2  
  16  0:48  Hatchery  
  15  0:51  Drone  
  15  0:55  Drone  
  17  0:57  Drone  
  18  1:09  Extractor  
  17  1:12  Spawning Pool  
  17  1:17  Drone  
  17  1:20  Drone  
  18  1:28  Drone  
  20  1:59  Queen  
  20  2:00  Zergling x6  
  25  2:01  Zergling x2  
  25  2:11  Zergling x4  
  26  2:24  Zergling x2  
  20  2:39  Zergling x2  
  22  2:44  Zergling x2  
  22  2:52  Zergling x2  
  22  2:59  Spine Crawler  
  22  3:04  Zergling x2  
  21  3:14  Overlord  
  20  3:32  Drone x2  
  20  3:33  Drone  
  21  4:12  Hatchery  
  20  4:49  Drone  
Tags
 
Add a new tag
Caveats
  • Supply blocks, unpowered buildings, or Contaminate may cause inaccurate times.
  • Supply counts are checked every 10 seconds.